 Dungeon Crawl Stone Soup version 0.20-a0-537-g052e6ba (webtiles) character file.

16128 Devintownsend the Severer (level 12, -14/99 HPs)
             Began as a Minotaur Fighter on Jan 27, 2017.
             Was an Elder of Okawaru.
             Killed by divine providence
             ... invoked by an orc priest
              (16 damage)
             ... on level 2 of the Orcish Mines.
             The game lasted 00:54:41 (11369 turns).

Devintownsend the Severer (Minotaur Fighter)       Turns: 11369, Time: 00:54:43

Health: -14/99     AC: 25    Str: 25    XL:     12   Next: 7%
Magic:  11/11      EV: 10    Int:  5    God:    Okawaru [****..]
Gold:   1014       SH:  5    Dex: 11    Spells: 11/11 levels left

rFire    . . .     SeeInvis .   t - +7 war axe
rCold    . . .     Gourm    .   R - +0 plate armour
rNeg     . . .     Faith    .   J - +0 buckler
rPois    .         Spirit   .   G - +2 hat
rElec    .         Reflect  .   y - +0 cloak
rCorr    .         Harm     .   S - +2 pair of gloves
MR       +....                  N - +1 pair of boots {run}
Stlth    ..........             (no amulet)
Regen    0.3/turn               z - +2 ring of slaying
                                A - ring of protection from magic

@: quick
A: retaliatory headbutt, horns 2, repulsion field 1, frail 1, subdued magic 1
a: Heroism, Renounce Religion


You were on level 2 of the Orcish Mines.
You worshipped Okawaru.
Okawaru was greatly pleased with you.
You were not hungry.

You visited 3 branches of the dungeon, and saw 14 of its levels.

You collected 1276 gold pieces.
You spent 262 gold pieces at shops.

Inventory:

Hand Weapons
 c - a +3 war axe
 t - a +7 war axe (weapon)
 v - a +4 hand axe of distortion
 C - a cursed -2 hand axe
 E - a +1 hand axe of pain
 F - a +2 hand axe of freezing
 L - a +2 antimagic war axe
Missiles
 g - 64 arrows
Armour
 y - a +0 cloak (worn)
 G - a +2 hat (worn)
 J - a +0 buckler (worn)
 N - a +1 pair of boots of running (worn)
 P - +0 steam dragon scales
 R - a +0 plate armour (worn)
 S - a +2 pair of gloves (worn)
Jewellery
 b - an uncursed ring of ice
 j - an uncursed ring of stealth
 m - an uncursed ring of protection from magic
 z - a +2 ring of slaying (right hand)
 A - a ring of protection from magic (left hand)
 I - an uncursed ring of protection from magic
 O - an uncursed ring of wizardry
Wands
 u - a wand of lightning (5/15)
 B - a wand of flame (29/48)
 H - a wand of confusion (31/48)
Scrolls
 h - 2 scrolls of magic mapping
 i - 2 scrolls of recharging
 l - 12 scrolls of identify
 o - 3 scrolls of enchant armour
 p - 3 scrolls of remove curse
 s - 5 scrolls of teleportation
 K - a scroll of vulnerability {unknown}
 M - a scroll of immolation
 V - a scroll of amnesia {unknown}
Potions
 d - a potion of might
 e - 6 potions of curing
 k - a potion of mutation
 w - a potion of haste
 x - 3 potions of brilliance
 U - a potion of invisibility {unknown}
Books
 a - a book of Necromancy

   Spells                             Type                      Level
   a - Pain                           Necromancy                   1
   b - Animate Skeleton               Necromancy                   1
   c - Vampiric Draining              Necromancy                   3
   d - Regeneration                   Charms/Necromancy            3
   e - Animate Dead                   Necromancy                   4
   f - Control Undead                 Necromancy                   4
 Q - a book of Frost

   Spells                             Type                      Level
   a - Freeze                         Ice                          1
   b - Throw Frost                    Conjuration/Ice              2
   c - Ozocubu's Armour               Charms/Ice                   3
   d - Throw Icicle                   Conjuration/Ice              4
   e - Summon Ice Beast               Ice/Summoning                4
 T - a book of Changes

   Spells                             Type                      Level
   a - Beastly Appendage              Transmutation                1
   b - Sticks to Snakes               Transmutation                2
   c - Spider Form                    Transmutation/Poison         3
   d - Ice Form                       Ice/Transmutation            4
   e - Blade Hands                    Transmutation                5
Comestibles
 f - 10 bread rations
 n - 6 royal jellies
 q - 6 meat rations
 D - 4 fruits


   Skills:
 + Level 11.7 Fighting
 + Level 16.2 Axes
 + Level 11.9 Armour
 - Level 0.4 Dodging
 - Level 4.4 Shields


You had 11 spell levels left.
You didn't know any spells.

Dungeon Overview and Level Annotations

Branches:
Dungeon (11/15)            Temple (1/1) D:5            Lair (0/6) D:11
    Orc (2/2) D:9
    Elf: Orc:2

Altars:
Ashenzari
Cheibriados
Dithmenos
Elyvilon
Fedhas
Gozag
Hepliaklqana
Kikubaaqudgha
Makhleb
Nemelex Xobeh
Okawaru
Qazlal
Ru
Sif Muna
Uskayaw
Vehumet
Xom
Yredelemnul
Zin
The Shining One

Shops:
D:7 *


Innate Abilities, Weirdness & Mutations

You reflexively headbutt those who attack you in melee.
You have a pair of horns on your head.
You are surrounded by a mild repulsion field. (EV +2)
You are frail. (-10% HP)
Your spells are a little easier to cast, but a little less powerful.


Message History

You kill the orc!
Okawaru accepts your kill.
The orc throws a tomahawk.
The tomahawk hits you but does no damage.
An orc comes into view. It is wielding a flail.
The orc shouts!
The orc hits you but does no damage.
An orc warrior comes into view. It is wielding a short sword.
Things that are here:
a war axe; a hand axe; a leather armour You slash the orc!
You kill the orc!
An orc priest comes into view. It is wielding a trident of venom.
The orc priest shouts!
The orc sorcerer casts a spell at you. The bolt of fire hits you!
* * * LOW HITPOINT WARNING * * *
The orc priest calls down the wrath of Beogh upon you.
Beogh smites you!
You die...

.....oo......#
....oo.......#
.............#
.............#
.............#
.............#
......o......#
.......@.....#
........)).$##
.........(...#
###....o.....#
#..........#
#..........#
#.........##
#..........#
#...........#


You could see an orc sorcerer, 2 orc warriors, an orc priest and 2 orcs.

Vanquished Creatures
  An orc warlord (Orc:2)
  Harold (D:10)
  Fannar (D:10)
  2 two-headed ogres (D:9)
  Erica (D:8)
  Pikel (D:7)
  2 orc sorcerers (Orc:2)
  The ghost of Devintownsend the Covered, an amateur HOFi (D:4)
  A troll (D:9)
  Grinder (D:3)
  3 hippogriffs
  A spriggan (D:11)
  A wraith (D:11)
  7 yaks
  Grum (D:10)
  2 steam dragons (D:9)
  A water moccasin (D:8)
  Duvessa (D:7)
  14 orc warriors
  3 ice beasts
  2 sky beasts
  3 black bears
  2 phantoms
  9 ogres
  3 wolves (D:10)
  5 centaurs
  A big kobold (D:11)
  8 bullfrogs
  Dowan (D:7)
  5 scorpions
  A wyvern skeleton (D:10)
  17 wights
  A howler monkey (D:5)
  A crimson imp (D:8)
  A quasit (D:10)
  A bullfrog skeleton (D:4)
  4 jellies
  9 orc wizards
  Crazy Yiuf (D:7)
  2 centaur skeletons
  11 orc priests
  8 hounds
  2 iguanas
  Terence (D:2)
  8 worker ants
  A killer bee zombie (D:8)
  A hound zombie (D:5)
  A hound skeleton (D:5)
  4 gnolls (D:6)
  A howler monkey zombie (D:7)
  12 adders
  3 river rats (D:6)
  4 shadow imps
  An adder skeleton (D:6)
  2 adder zombies
  The ghost of bombasticus the Skirmisher, a weakling MiBe of Trog (D:3)
  5 dart slugs (D:1)
  3 leopard geckos
  63 orcs
  6 bats
  6 giant cockroaches
  7 goblins
  7 hobgoblins
  11 jackals
  10 kobolds
  5 quokkas
  8 frilled lizards
  A leopard gecko skeleton (D:4)
  A leopard gecko zombie (D:5)
  6 rats
  A fungus (D:7)
  A plant (D:6)
325 creatures vanquished.

Vanquished Creatures (others)
  2 orcs (D:7)
  8 bushes (D:11)
  A fungus (D:11)
11 creatures vanquished.

Grand Total: 336 creatures vanquished

Notes
Turn   | Place    | Note
-------+----------+-------------------------------------------
     0 | D:1      | Devintownsend the Minotaur Fighter began the quest for the Orb.
     0 | D:1      | Reached XP level 1. HP: 19/19 MP: 0/0
   122 | D:1      | Reached XP level 2. HP: 14/27 MP: 1/1
   226 | D:1      | Reached skill level 3 in Axes
   250 | D:1      | Reached XP level 3. HP: 27/33 MP: 2/2
   688 | D:2      | Noticed Terence
   693 | D:2      | Killed Terence
   693 | D:2      | Reached skill level 4 in Axes
   693 | D:2      | Reached XP level 4. HP: 40/40 MP: 3/3
  1080 | D:3      | Noticed Grinder
  1100 | D:3      | Killed Grinder
  1100 | D:3      | Reached skill level 6 in Axes
  1100 | D:3      | Reached XP level 5. HP: 15/47 MP: 4/4
  1100 | D:3      | Reached XP level 6. HP: 17/53 MP: 5/5
  1500 | D:3      | Noticed bombasticus's ghost (weakling MiBe)
  1510 | D:3      | Killed bombasticus's ghost
  2031 | D:4      | Reached skill level 5 in Fighting
  2215 | D:4      | Found a glowing silver altar of Zin.
  2219 | D:4      | Found a stormy altar of Qazlal.
  2247 | D:4      | Reached skill level 7 in Axes
  2247 | D:4      | Reached skill level 5 in Armour
  2247 | D:4      | Reached XP level 7. HP: 30/61 MP: 6/6
  2255 | D:4      | Noticed Devintownsend's ghost (amateur HOFi)
  2266 | D:4      | Killed Devintownsend's ghost
  2401 | D:4      | Reached skill level 8 in Axes
  2710 | D:4      | Found a blossoming altar of Fedhas.
  2710 | D:4      | Found a hazy altar of Hepliaklqana.
  3206 | D:4      | Reached XP level 8. HP: 70/70 MP: 7/7
  3267 | D:5      | Entered Level 5 of the Dungeon
  3591 | D:5      | Reached skill level 9 in Axes
  3662 | D:5      | Found a staircase to the Ecumenical Temple.
  3670 | Temple   | Entered the Ecumenical Temple
  4572 | D:6      | Reached skill level 10 in Axes
  5152 | D:7      | Found Jirhoc's Assorted Antiques.
  5166 | D:7      | Bought a pair of embroidered boots for 262 gold pieces
  5171 | D:7      | Identified a +1 pair of boots of running (You bought it in a shop on level 7 of the Dungeon)
  5513 | D:7      | Reached XP level 9. HP: 69/78 MP: 8/8
  5562 | D:7      | Noticed Duvessa
  5562 | D:7      | Noticed Dowan
  5577 | D:7      | Killed Duvessa
  5582 | D:7      | Killed Dowan
  5582 | D:7      | Reached skill level 11 in Axes
  5835 | D:7      | Noticed Pikel
  5840 | D:7      | Killed Pikel
  6079 | D:7      | Found a runed door.
  6083 | D:7      | Noticed Crazy Yiuf
  6088 | D:7      | Killed Crazy Yiuf
  6220 | D:8      | You fall through a shaft for 3 floors!
  6283 | D:11     | Reached skill level 12 in Axes
  6370 | D:11     | Found a staircase to the Lair.
  6683 | D:11     | Reached XP level 10. HP: 65/90 MP: 9/9
  7015 | D:11     | Gained mutation: You are frail. (-10% HP) [potion of mutation]
  7015 | D:11     | Gained mutation: Your spells are a little easier to cast, but a little less powerful. [potion of mutation]
  7015 | D:11     | Gained mutation: You are surrounded by a mild repulsion field. (EV +2) [potion of mutation]
  7169 | D:11     | Reached skill level 13 in Axes
  7558 | D:10     | Entered Level 10 of the Dungeon
  7613 | D:10     | Noticed Fannar
  7634 | D:10     | Killed Fannar
  8026 | D:10     | Noticed Grum
  8046 | D:10     | Killed Grum
  8135 | D:10     | Reached skill level 14 in Axes
  8135 | D:10     | Reached skill level 10 in Armour
  8335 | D:10     | Noticed Harold
  8354 | D:10     | Killed Harold
  8354 | D:10     | Reached skill level 10 in Fighting
  8589 | D:9      | Found an iron altar of Okawaru.
  8589 | D:9      | Found a shattered altar of Ashenzari.
  8593 | D:9      | Became a worshipper of Warmaster Okawaru
  8652 | D:9      | Reached XP level 11. HP: 65/89 MP: 10/10
  8713 | D:8      | Noticed Erica
  8998 | D:8      | Killed Erica
  8998 | D:8      | Reached * piety under Okawaru
  9594 | D:9      | Noticed a two-headed ogre
  9596 | D:9      | Reached skill level 15 in Axes
  9607 | D:9      | Killed a two-headed ogre
  9607 | D:9      | Reached ** piety under Okawaru
  9806 | D:9      | Found a staircase to the Orcish Mines.
 10126 | D:9      | Noticed a two-headed ogre
 10136 | D:9      | Killed a two-headed ogre
 10136 | D:9      | Reached *** piety under Okawaru
 10343 | Orc:1    | Entered Level 1 of the Orcish Mines
 10584 | Orc:2    | Entered Level 2 of the Orcish Mines
 10645 | Orc:2    | Noticed an orc sorcerer
 10646 | Orc:2    | Paralysed by an orc sorcerer for 5 turns
 10656 | Orc:2    | Noticed a sixfirhy
 11009 | Orc:2    | Killed an orc sorcerer
 11009 | Orc:2    | Reached **** piety under Okawaru
 11140 | Orc:2    | Noticed an orc sorcerer
 11182 | Orc:2    | Killed an orc sorcerer
 11182 | Orc:2    | Reached skill level 16 in Axes
 11237 | Orc:2    | Noticed an orc sorcerer
 11284 | Orc:2    | Noticed an orc warlord
 11353 | Orc:2    | Killed an orc warlord
 11353 | Orc:2    | Reached XP level 12. HP: 19/99 MP: 11/11
 11369 | Orc:2    | HP: 2/99 [orc sorcerer/bolt of fire (8)]
 11369 | Orc:2    | Killed from afar by an orc priest

Vault maps used:
D:1:      ncdulo_smallfort
D:2:      uniq_terence
D:3:      minivault_27, uniq_grinder
D:4:      nicolae_overflow_hidden_temple
D:5:      minmay_temple_entry_statues_pillars, first_bread
D:6:      wad_woods_settlement, corexii_item_surrounded_by_moat,
          kennysheep_generic_room_12
D:7:      serial_shops, shop, uniq_crazy_yiuf_cottage, uniq_duvessa, uniq_pikel
D:8:      uniq_erica
D:9:      gammafunk_temple_overflow_wave, david_orc_2, special_room
D:10:     uniq_harold, uniq_fannar, uniq_grum
D:11:     minmay_klotski, grunt_lair_entry_orc_guard_hut, the_bakery,
          minmay_fountain_box
Temple:   nicolae_temple_great_sept
Orc:2:    grunt_orc_cross, basic_altar

Skill      XL: |  1  2  3  4  5  6  7  8  9 10 11 |
---------------+----------------------------------+-----
Shields        | 4 |  4.4
Axes           | 3 4 6 7 8 10 12 14 16 | 16.2
Fighting       | 4 5 6 8 10 11 | 11.7
Armour         | 4 5 6 7 9 10 11 | 11.9
Dodging        | |  0.4

Action                   |  1- 3 |  4- 6 |  7- 9 | 10-12 || total
-------------------------+-------+-------+-------+-------++-------
Melee: War axe           |    69 |   118 |   295 |   376 ||   858
       Headbutt          |     6 |    20 |    57 |    94 ||   177
       Hand axe          |       |       |       |    76 ||    76
  Use: Scroll            |       |       |     2 |    14 ||    16
       Potion            |       |       |     1 |     9 ||    10
  Eat: Chunk             |       |     4 |     5 |    15 ||    24
       Bread ration      |       |       |     2 |       ||     2
Armor: Scale mail        |    48 |    45 |    68 |       ||   161
       Plate armour      |       |       |    24 |   240 ||   264
Dodge: Dodged            |    26 |    17 |    81 |   137 ||   261
Block: Shield            |    50 |    64 |    47 |       ||   161
       Buckler           |       |       |    32 |    77 ||   109
